 Dungeon Crawl Stone Soup version 0.26-b1-32-g5d43845318 (webtiles) character file.

Game seed: 13646600986314544425

151 tv1990 the Chopper (level 5, -7/42 HPs)
             Began as a Formicid Monk on Jan 13, 2021.
             Mangled by an orc warrior
             ... wielding a +0 halberd
              (20 damage)
             ... on level 3 of the Dungeon.
             The game lasted 00:06:42 (3944 turns).

tv1990 the Chopper (Formicid Monk)                  Turns: 3944, Time: 00:06:42

Health: -7/42      AC:  5    Str: 17    XL:     5   Next: 59%
Magic:  5/5        EV: 11    Int:  9    God:
Gold:   145        SH:  0    Dex: 13    Spells: 4/4 levels left

rFire    . . .     SeeInvis +   a - +0 hand axe
rCold    . . .     Faith    .   (no shield)
rNeg     . . .     Spirit   .   q - +0 ring mail
rPois    .         Reflect  .   (helmet unavailable)
rElec    .         Harm     .   (no cloak)
rCorr    .         Rampage  .   (no gloves)
Will     .....                  (no boots)
Stlth    +.........             (no amulet)
HPRegen  0.14/turn              (no ring)
MPRegen  0.09/turn              (no ring)

@: flying
A: permanent stasis, dig shafts and tunnels, four strong arms, antennae 3
a: Dig, Shaft Self


You were on level 3 of the Dungeon.
You visited 1 branch of the dungeon, and saw 3 of its levels.

You collected 145 gold pieces.

Inventory:

Hand Weapons
 a - a +0 hand axe (weapon)
 i - a +2 dagger of venom
 o - a +0 flail
Missiles
 n - 20 poisoned darts (quivered)
Armour
 b - a +0 robe
 q - a +0 ring mail (worn)
Jewellery
 h - an uncursed ring of flight {unknown}
Scrolls
 d - a scroll of identify {unknown}
 e - 3 scrolls of blinking {unknown}
 j - 2 scrolls of teleportation {unknown}
 k - a scroll of fog {unknown}
 l - a scroll of enchant armour {unknown}
 m - 2 scrolls of magic mapping {unknown}
 r - a scroll of noise {unknown}
 s - a scroll of remove curse {unknown}
 t - a scroll of immolation {unknown}
 u - a scroll of amnesia {unknown}


   Skills:
 + Level 4.2 Fighting
 * Level 4.6 Axes
 + Level 2.3 Armour
 - Level 2.6 Dodging
 - Level 2.4 Stealth


You had 4 spell levels left.
You didn't know any spells.
Your spell library contained the following spells:

 Spells                   Type           Power        Failure   Level
 Magic Dart               Conj           0%           58%         1
 Call Imp                 Summ           0%           73%         2
 Slow                     Hex            0%           73%         2
 Conjure Flame            Conj/Fire      0%           91%         3
 Mephitic Cloud           Conj/Pois/Air  0%           91%         3
 Blink                    Tloc           Unusable     N/A         2

Dungeon Overview and Level Annotations

Branches:
Dungeon (3/15)

Altars:
The Shining One


Innate Abilities, Weirdness & Mutations

You cannot be hasted, slowed, berserked, paralysed or teleported.
You can dig through walls and to a lower floor.
Your four strong arms can wield two-handed weapons with a shield.
You have a pair of large antennae on your head. (SInv)


Message History

You feel very buoyant.
You fly up into the air.
It was a potion of curing.
You feel better. The orc warrior barely misses you.
You retract your mandibles.
You hit the orc warrior.
The orc warrior is lightly wounded.
The orc warrior hits you with a +0 halberd.
* * * LOW HITPOINT WARNING * * *
You hit the orc warrior but do no damage.
The orc warrior is lightly wounded.
The orc warrior barely misses you.
You barely miss the orc warrior.
The orc warrior is lightly wounded.
The orc warrior closely misses you.
You hit the orc warrior but do no damage.
The orc warrior is lightly wounded.
The orc warrior barely misses you.
You hit the orc warrior.
The orc warrior is moderately wounded.
The orc warrior hits you with a +0 halberd!!
You die...

## #.# #.
#.# #. #.#
#.####.###
#........#
##.###.#.#
#..##.#.#
###.##.#.#
#@#{.#.#.#
##o#.#.#.#
###o#.#.#
o..#.. #..
... #.##
>#


You could see an orc warrior.

Vanquished Creatures
  5 adders
  3 worms (D:2)
  4 dart slugs
  2 leopard geckos
  An orc (D:3)
  14 bats
  3 giant cockroaches
  8 goblins
  9 hobgoblins
  14 jackals
  3 kobolds (D:2)
  2 quokkas
  A ball python (D:3)
  5 frilled lizards
  7 rats
81 creatures vanquished.

Notes
Turn   | Place    | Note
-------+----------+-------------------------------------------
     0 | D:1      | tv1990 the Formicid Monk began the quest for the Orb.
     0 | D:1      | Reached XP level 1. HP: 18/18 MP: 1/1
     2 | D:1      | Noticed an ogre
     2 | D:1      | Noticed an elf
     4 | D:1      | Noticed a troll
     4 | D:1      | Noticed a human
     6 | D:1      | Noticed a felid
     8 | D:1      | Noticed a dwarf
     8 | D:1      | Noticed a draconian
    10 | D:1      | Noticed a ghoul
    12 | D:1      | Noticed a halfling
    12 | D:1      | Noticed a merfolk
    14 | D:1      | Noticed a demigod
    14 | D:1      | Noticed a gargoyle
    16 | D:1      | Noticed a centaur
    16 | D:1      | Noticed a vampire
    18 | D:1      | Noticed a tengu
    18 | D:1      | Noticed a spriggan
    20 | D:1      | Noticed an octopode
    20 | D:1      | Noticed a demonspawn
    22 | D:1      | Noticed a formicid
    24 | D:1      | Noticed a vine stalker
    26 | D:1      | Noticed a minotaur
    26 | D:1      | Noticed a naga
   106 | D:1      | Reached XP level 2. HP: 19/24 MP: 2/2
   592 | D:1      | Reached skill level 1 in Armour
   698 | D:1      | Reached XP level 3. HP: 29/29 MP: 3/3
  1771 | D:2      | Reached XP level 4. HP: 26/37 MP: 4/4
  3074 | D:2      | Reached XP level 5. HP: 40/42 MP: 5/5
  3095 | D:2      | Found a glowing golden altar of the Shining One.
  3929 | D:3      | Noticed an orc warrior
  3944 | D:3      | Mangled by an orc warrior

Skill      XL: |  1  2  3  4 |
---------------+-------------+-----
Armour         | 1 2 |  2.3
Axes           | 4 |  4.6
Fighting       | 4 |  4.2
Dodging        | |  2.6
Stealth        | |  2.4

Action                   |  1- 3 |  4- 6 || total
-------------------------+-------+-------++-------
Melee: Hand axe          |   138 |   119 ||   257
       Dagger            |       |    37 ||    37
Throw: Dart              |       |     7 ||     7
 Abil: Dig               |     1 |     1 ||     2
  Use: Potion            |       |     4 ||     4
 Stab: Sleeping          |     4 |     7 ||    11
       Distracted        |     1 |       ||     1
Armor: Robe              |    24 |    19 ||    43
       Ring mail         |       |    21 ||    21
Dodge: Dodged            |   107 |    92 ||   199

Levels and vault maps discovered:
D:1:      kb_arrival_jail, layout_loops_corners
D:2:      layout_loops_ring, lemuel_coloured_pillars_altar, serial_aquarium,
          aquarium_bridge_long_joined [aquarium_subvault_bridge,
          aquarium_subvault_window, aquarium_subvault_bridge,
          aquarium_subvault_bridge, aquarium_subvault_bridge,
          aquarium_subvault_bridge], aquarium_window_2, aquarium_window_2,
          aquarium_window_corridor_2, aquarium_view_2a, aquarium_view_2d,
          aquarium_balcony_1b
D:3:      layout_basic, uniq_ijyb, uniq_crazy_yiuf_cottage
